 Dungeon Crawl Stone Soup version 0.30.0-29-ga12c61a403 (webtiles) character file.

Game seed: 10751094525038995685

113391 wingedge the Summoner (level 15, 0/118 HPs)
             Began as a Demigod Wanderer on June 5, 2023.
             Slain by a tentacle (9 damage)
             ... attached to a kraken
             ... on level 1 of the Shoals.
             The game lasted 02:58:35 (33828 turns).

wingedge the Summoner (Demigod Wanderer)           Turns: 33828, Time: 02:58:35

Health: 0/118      AC: 23    Str: 14    XL:     15   Next: 66%
Magic:  3/33       EV: 13    Int: 43    God:
Gold:   329        SH:  9    Dex: 17    Spells: 1/34 levels left

rFire   + . .        b - +8 trident of the Octopus King {venom, rElec rPois}
rCold   + + .        V - +3 buckler {rC+}
rNeg    + . .        Q - +2 robe {Archmagi}
rPois   +            m - +3 crown of Dyrovepreva {rElec Int+2 SInv}
rElec   +            f - scarf {rC+ rF+}
rCorr   .            P - +0 pair of gloves
SInv    +            K - +0 pair of boots {Fly}
Will    ++++.        l - amulet of the Four Winds {rN+ Will+++ Clar}
Stlth   ++           D - +6 ring of intelligence
HPRegen 0.39/turn    G - +6 ring of intelligence
MPRegen 0.23/turn

%: clarity, archmagi
@: ice-armoured, flying
A: high MP 1, forlorn, divine attributes
a: no special abilities


You were on level 1 of the Shoals.
You visited 5 branches of the dungeon, and saw 25 of its levels.
You also visited: Ossuary, Bailey, Gauntlet and Ice Cave.

You collected 3018 gold pieces.
You spent 2689 gold pieces at shops.

Inventory:

Hand Weapons
 a - the +6 sling of Ambiguity {heavy, *Slow rN+ Int+6 Dex+2}
   (You found it on level 14 of the Dungeon)

   Int:       It affects your intelligence (+6).
   Dex:       It affects your dexterity (+2).
   rN:        It protects you from negative energy.
   *Slow:     It may slow you when you take damage.
 b - the +8 trident of the Octopus King (weapon) {venom, rElec rPois}
   (You found it on level 5 of the Lair of Beasts)

   rElec:     It insulates you from electricity.
   rPois:     It protects you from poison.
Missiles
 A - 2 throwing nets
 N - a curare-tipped dart (quivered)
Armour
 f - a scarf of resistance (worn)
 m - the +3 crown of Dyrovepreva (worn) {rElec Int+2 SInv}
   (You bought it in a shop on level 11 of the Dungeon)

   Int:       It affects your intelligence (+2).
   rElec:     It insulates you from electricity.
   SInv:      It lets you see invisible.
 K - a +0 pair of boots of flying (worn)
 P - a +0 pair of gloves (worn)
 Q - a +2 robe of the Archmagi (worn)
 V - a +3 buckler of cold resistance (worn)
Magical Staves
 c - a staff of cold
Jewellery
 k - a ring of protection from fire
 l - the amulet of the Four Winds (around neck) {rN+ Will+++ Clar}
   (You bought it in a shop on level 2 of the Orcish Mines)

   [amulet of nothing]

   rN:        It protects you from negative energy.
   Clar:      It protects you from confusion, rage, mesmerisation and fear.
   Will:      It greatly increases your willpower.
 s - a ring of see invisible
 D - a +6 ring of intelligence (left hand)
 G - a +6 ring of intelligence (right hand)
 U - a ring of resist corrosion
 W - a ring of ice
Wands
 e - a wand of light (6)
 v - a wand of digging (4)
 I - a wand of roots (14)
 X - a wand of polymorph (20)
 Y - a wand of paralysis (11)
Scrolls
 g - 9 scrolls of fog
 h - 2 scrolls of identify
 i - a scroll of magic mapping
 j - a scroll of amnesia
 n - 7 scrolls of blinking
 o - a scroll of enchant weapon
 p - a scroll of summoning
 t - 9 scrolls of teleportation
 F - 3 scrolls of fear
 H - 5 scrolls of poison
 L - 4 scrolls of vulnerability
 T - 2 scrolls of immolation
Potions
 r - 8 potions of mutation
 u - 4 potions of resistance
 w - 7 potions of curing
 x - 2 potions of might
 B - 2 potions of haste
 C - 2 potions of cancellation
 E - 5 potions of magic
 J - 4 potions of flight
 O - 6 potions of brilliance
 R - a potion of ambrosia
 S - 2 potions of invisibility
Miscellaneous
 z - a phial of floods


   Skills:
 + Level 7.5 Fighting
 - Level 2.6(3.0) Maces & Flails
 - Level 5.8(6.0) Polearms
 - Level 2.0(4.5) Staves
 - Level 6.0 Armour
 + Level 3.4 Dodging
 - Level 1.5 Stealth
 - Level 7.0 Shields
 - Level 10.0 Spellcasting
 - Level 4.0 Conjurations
 - Level 8.0 Hexes
 + Level 10.1 Summonings
 - Level 10.0 Necromancy
 - Level 2.0 Translocations
 - Level 7.0 Transmutations
 - Level 10.0 Ice Magic
 - Level 2.0 Air Magic
 - Level 4.0 Earth Magic
 - Level 2.0 Poison Magic
 - Level 2.0 Evocations


You had one spell level left.
You knew the following spells:

 Your Spells              Type           Power      Damage    Failure   Level
a - Yara's Violent Unrav  Hex/Tmut       45%        3d18      2%          5
b - Simulacrum            Ice/Necr       51%        N/A       4%          6
c - Sublimation of Blood  Necr           100%       N/A       1%          2
d - Call Canine Familiar  Summ           100%       N/A       1%          3
e - Summon Guardian Gole  Hex/Summ       99%        N/A       1%          3
f - Summon Ice Beast      Ice/Summ       100%       N/A       1%          4
g - Anguish               Hex/Necr       49%        N/A       1%          4
h - Ozocubu's Armour      Ice            100%       N/A       1%          3
i - Stone Arrow           Conj/Erth      100%       3d13      1%          3

Your spell library contained the following spells:

 Spells                   Type           Power      Damage    Failure   Level
 Beastly Appendage        Tmut           100%       N/A       1%          1
 Freeze                   Ice            100%       1d10      1%          1
 Kiss of Death            Conj/Necr      100%       2d13      1%          1
 Necrotise                Necr           100%       1d9       1%          1
 Sandblast                Erth           100%       2d20      1%          1
 Summon Small Mammal      Summ           100%       N/A       1%          1
 Blink                    Tloc           100%       N/A       1%          2
 Cigotuvi's Dreadful Rot  Necr/Pois/Air  100%       N/A       1%          2
 Ensorcelled Hibernation  Hex/Ice        100%       N/A       1%          2
 Lesser Beckoning         Tloc           100%       N/A       1%          2
 Momentum Strike          Conj/Tloc      100%       3d10      1%          2
 Passwall                 Tmut/Erth      66%        N/A       1%          2
 Wereblood                Tmut           89%        N/A       1%          2
 Confusing Touch          Hex            94%        N/A       1%          3
 Frozen Ramparts          Ice            100%       1d16      1%          3
 Hailstorm                Conj/Ice       89%        3d18      1%          3
 Inner Flame              Hex/Fire       71%        N/A       1%          3
 Spider Form              Tmut/Pois      74%        N/A       1%          3
 Tukima's Dance           Hex            94%        N/A       1%          3
 Animate Armour           Summ/Erth      100%       N/A       1%          4
 Dispel Undead            Necr           100%       3d31      1%          4
 Ice Form                 Ice/Tmut       97%        N/A       1%          4
 Metabolic Englaciation   Hex/Ice        49%        N/A       1%          5
 Gell's Gravitas          Tloc           55%        N/A       2%          3
 Teleport Other           Tloc           55%        N/A       2%          3
 Passage of Golubria      Tloc           55%        N/A       8%          4
 Summon Hydra             Summ           52%        N/A       24%         7
 Enfeeble                 Hex            47%        N/A       50%         7
 Lehudib's Crystal Spear  Conj/Erth      35%        10d9      100%        8


Dungeon Overview and Level Annotations

Branches:
Dungeon (15/15)            Temple (1/1) D:6            Lair (5/5) D:11
 Shoals (2/4) Lair:3        Snake (0/4) Lair:2        Slime (0/5) Lair:5
    Orc (2/2) D:9             Elf (0/3) Orc:2        Vaults (0/5) D:14
 Depths (0/4) D:15        Ossuary (visited)          Bailey (visited)
  IceCv (visited)         Gauntlet (visited)

Shops:
D:3 :   D:11 [   Orc:2 [*(=


Innate Abilities, Weirdness & Mutations

You have an increased reservoir of magic. (+10% MP)
You shall have no god before yourself.
Your divine heritage dramatically boosts your attributes as you level up.


Message History

You feel a surge of power!
The stone arrow hits the kraken!
The kraken is heavily wounded.
The tentacle slaps you but does no damage.
You block the tentacle's attack. x2; A tentacle rises from the water!
You block the tentacle's attack. The tentacle slaps your ice beast!!
The tentacle slaps you!
* * * LOW HITPOINT WARNING * * *
The kraken bites you!
* * * LOW HITPOINT WARNING * * *
Your ice beast hits the tentacle.
Your ice beast freezes the tentacle!!
A tentacle comes into view.
You feel much better. The tentacle slaps your ice beast!
You block the tentacle's attack.
The tentacle slaps you but does no damage.
A tentacle segment bursts forth from the water.
The kraken bites you but does no damage.
The tentacle slaps your ice beast!
Your ice beast dies!
Your ice beast disappears in a puff of smoke!
The tentacle completely misses you. You block the tentacle's attack.
The +8 trident of the Octopus King {venom, rElec rPois} begins to drip with poison!
b - the +8 trident of the Octopus King (weapon)
{venom, rElec rPois} You block the tentacle's attack.
The kraken bites you but does no damage.
You completely miss the kraken.
The kraken is severely wounded.
The tentacle slaps you.
* * * LOW HITPOINT WARNING * * *
The tentacle barely misses you.
The tentacle slaps you but does no damage.
The tentacle barely misses you.
A tentacle segment bursts forth from the water. x2
You block the kraken's attack.
The tentacle slaps you but does no damage.
The tentacle slaps you!
* * * LOW HITPOINT WARNING * * *
The tentacle slaps you.
* * * LOW HITPOINT WARNING * * *
The tentacle slaps you!
You die...

≈≈≈≈≈~~.~~~~
≈≈≈≈≈≈≈≈≈≈≈≈≈≈≈~~~~~~~..
≈≈≈≈≈≈≈≈≈≈≈≈≈≈~~~~~~~~..
≈≈≈≈≈≈≈≈≈≈≈≈≈≈~~..~~~...
≈≈≈≈≈≈≈≈≈≈≈≈≈≈~~.~~~~...
≈≈≈≈≈≈≈≈≈≈≈≈≈≈≈≈≈~~~~......
#≈≈≈≈≈≈≈≈≈≈≈≈≈≈≈≈≈≈≈~~~....##
#≈≈≈≈≈≈≈≈≈≈Xww≈≈≈≈≈~~~~.ZZ###
#≈≈≈≈≈≈≈≈≈≈w@≈≈~~~~~~~~..####
#≈≈≈≈≈≈≈≈~~w§~~~~~~~~)...###.
#≈≈≈≈≈≈≈~~~~~~~~~~~~~~~......
#≈≈≈≈≈≈~~~~~~~~~...~~~~~~~~.~
#≈≈≈≈≈≈~~~...~..##.~~~~~~~~..
#≈≈≈≈≈≈~~.###..####.~~≈≈~~~~.
#≈≈≈≈≈≈~~.# #.## ##.~≈~~~~~.
#≈≈≈≈≈≈≈~~###.## ##..≈≈~~~.~.
#≈≈≈≈≈≈≈≈~.....###..~≈≈~~~~~~


You could see a kraken (misshapen) and 4 tentacles.

Vanquished Creatures
  A cacodemon (Gauntlet)
  A very ugly thing (D:15)
  Nessos (Orc:2)
  A catoblepas (D:15)
  2 centaur warriors (D:15)
  A ghost crab (Gauntlet)
  A death knight (D:13)
  3 boulder beetles
  A death yak (Lair:3)
  A skyshark (Shoals:1)
  A sea snake (Lair:5)
  A glowing orange brain (D:15)
  A wizard (D:14)
  A phantasmal warrior (D:12)
  3 harpies
  A lindwurm (Lair:5)
  A deep elf pyromancer (D:15)
  2 orc knights
  3 manticores
  A cyclops (D:15)
  4 ugly things
  2 orc sorcerers (Orc:2)
  3 water nymphs
  5 cane toads
  2 komodo dragons
  A rime drake (Lair:5)
  An unseen horror (D:13)
  4 meliai
  A wind drake (Shoals:1)
  A hornet (Lair:5)
  A polar bear (Lair:3)
  6 trolls
  5 blink frogs
  2 dream sheep
  12 slime creatures
  4 yaks
  4 wraiths
  A hog (Lair:3)
  2 neqoxecs (Gauntlet)
  A swamp worm (shapeshifter) (D:15)
  A warg (Orc:2)
  7 orc warriors
  2 black bears
  2 ogres
  3 boggarts (D:14)
  6 centaurs (D:15)
  2 phantoms
  A gnoll sergeant (D:5)
  6 bullfrogs
  3 scorpions
  3 wights
  A howler monkey (D:6)
  A nameless horror (D:6)
  An electric eel (Lair:2)
  A hound (D:6)
  7 orc priests
  3 iguanas (D:6)
  2 jellies
  Terence (D:2)
  3 sleepcaps
  A human skeleton (D:8)
  5 orc wizards
  2 hell rats (Lair:3)
  A mummy (D:4)
  9 adders
  6 gnolls
  2 white imps (Lair:1)
  2 worms
  2 dart slugs (D:5)
  44 orcs
  6 bats
  6 endoplasms
  A giant cockroach (D:2)
  4 goblins
  8 hobgoblins
  2 jackals (D:2)
  13 kobolds
  7 quokkas
  13 ball pythons
  2 frilled lizards
  A hobgoblin skeleton (Ossuary)
  An orc skeleton (Ossuary)
  6 rats
  A tentacle (Shoals:1)
291 creatures vanquished.

Vanquished Creatures (collateral kills)
  Kirke (Lair:3)
  2 quicksilver oozes (IceCv)
  A minotaur (Gauntlet)
  A merfolk javelineer (Shoals:1)
  2 hydras (Lair:5)
  A centaur warrior (D:14)
  A two-headed ogre (Orc:2)
  2 death yaks (Lair:3)
  3 merfolk avatars
  An orc high priest (Orc:2)
  2 skysharks (Lair:5)
  Pikel (D:8)
  3 sea snakes
  2 orc knights
  2 harpies
  A deep elf pyromancer (D:15)
  2 orc sorcerers (Orc:2)
  6 manticores
  14 ugly things
  2 cyclopes
  A merfolk siren (Shoals:1)
  7 elephants (Lair:5)
  3 water nymphs (Shoals:1)
  A gargoyle (D:10)
  A rime drake (Lair:5)
  5 cane toads
  5 komodo dragons
  2 kobold demonologists (D:11)
  2 trolls
  4 merfolk (Shoals:1)
  2 meliai (D:12)
  2 polar bears (Lair:5)
  2 hornets
  7 blink frogs
  A tarantella (shapeshifter) (D:15)
  2 wind drakes
  8 dream sheep
  15 slime creatures
  2 snapping turtles (Shoals:1)
  Sigmund (D:6)
  2 water elementals (Shoals:1)
  2 shadows
  2 wyverns
  2 basilisks
  5 wraiths
  21 yaks
  A hog (Lair:3)
  3 vampire mosquitoes (D:13)
  3 steam dragons (D:8)
  2 nagas (Lair:2)
  Menkaure (D:6)
  2 swamp worms (D:9)
  2 wargs (Orc:1)
  2 acid dragons
  11 water moccasins
  3 sky beasts
  13 orc warriors
  3 black bears
  A great orb of eyes simulacrum (IceCv)
  4 ogres
  3 centaurs
  8 wolves
  A phantom (D:7)
  3 kobold brigands
  An elf zombie (D:8)
  6 bullfrogs
  A gnoll sergeant (D:11)
  2 scorpions
  5 glowing shapeshifter simulacra (IceCv)
  An elf skeleton (D:8)
  18 wights
  4 killer bees (D:7)
  5 howler monkeys
  A hound (D:7)
  18 orc priests
  8 jellies
  2 human skeletons (D:8)
  4 iguanas
  2 hell rats (Lair:3)
  12 orc wizards
  2 shapeshifter simulacra (IceCv)
  3 gnolls
  A shadow imp (D:6)
  10 white imps (Lair:1)
  2 adder zombies (Ossuary)
  46 orcs
  5 endoplasms
  A frilled lizard (D:2)
  A hobgoblin skeleton (Ossuary)
  9 kobolds
  2 kobold zombies (Ossuary)
  2 orc skeletons
  An orc zombie (Ossuary)
  2 rats (D:1)
400 creatures vanquished.

Vanquished Creatures (others)
  An azure jelly (IceCv)
  An orc warlord (Orc:2)
  3 quicksilver oozes
  Erica (D:9)
  Erolcha (D:13)
  2 boulder beetles
  A centaur warrior (D:15)
  A two-headed ogre (D:9)
  2 death yaks (Lair:3)
  Urug (Orc:1)
  2 orc high priests (Orc:2)
  3 skysharks
  3 harpies (Shoals:1)
  3 orc knights
  A manticore (D:13)
  6 ugly things
  2 cyclopes
  2 slime creatures (IceCv)
  3 ice statues (IceCv)
  A cane toad (Lair:5)
  Maggie (D:9)
  3 freezing wraiths
  A troll (D:14)
  A merfolk (Shoals:1)
  2 wind drakes
  A hornet (Lair:5)
  A blink frog (Lair:1)
  A dream sheep (Lair:3)
  A shadow (D:8)
  5 yaks (D:10)
  A basilisk (Lair:1)
  A hog (Lair:3)
  2 nagas (Lair:2)
  A warg (Orc:2)
  An acid dragon (D:11)
  A water moccasin (D:11)
  10 orc warriors
  2 great orb of eyes simulacra (IceCv)
  3 wolves
  A lemure (D:8)
  A kobold brigand (D:6)
  A slime creature simulacrum (IceCv)
  3 wights
  A howler monkey (D:8)
  A jelly (Lair:4)
  An orc priest (Orc:2)
  3 orc wizards
  A shapeshifter simulacrum (IceCv)
  3 hell rats (Lair:3)
  A gnoll (D:11)
  4 orcs
100 creatures vanquished.

Grand Total: 791 creatures vanquished

Notes
Turn   | Place    | Note
-------+----------+-------------------------------------------
     0 | D:1      | wingedge the Demigod Wanderer began the quest for the Orb.
     0 | D:1      | wingedge set off with the following items: a +0
                  | quarterstaff, a piece from Xom's chessboard (15/15), a
                  | scroll of fear, a +0 leather armour; and the following
                  | spells available to memorise: Necrotise, Kiss of Death,
                  | Cigotuvi's Dreadful Rot.
     0 | D:1      | Reached XP level 1. HP: 16/16 MP: 4/4
     2 | D:1      | Learned a level 1 spell: Necrotise
     4 | D:1      | Learned a level 1 spell: Kiss of Death
   474 | D:1      | Reached XP level 2. HP: 23/23 MP: 1/5
  1514 | D:2      | Reached XP level 3. HP: 28/28 MP: 3/6
  1687 | D:2      | Reached skill level 5 in Necromancy
  1690 | D:2      | Learned a level 2 spell: Cigotuvi's Dreadful Rot
  2033 | D:2      | Noticed Terence
  2041 | D:2      | Killed Terence
  2042 | D:2      | Reached skill level 1 in Conjurations
  2042 | D:2      | Reached XP level 4. HP: 34/35 MP: 0/8
  2852 | D:3      | Reached skill level 1 in Poison Magic
  2889 | D:3      | Reached skill level 1 in Air Magic
  2889 | D:3      | Reached XP level 5. HP: 40/40 MP: 4/9
  3372 | D:3      | Found Pint's Book Boutique.
  4428 | D:4      | Reached XP level 6. HP: 42/44 MP: 3/10
  4503 | D:4      | Reached skill level 1 in Summonings
  5186 | D:4      | Identified the +2 robe of Bewisilaiw {rElec rPois Int+3
                  | Dex-5}
  5242 | D:4      | Reached XP level 7. HP: 46/55 MP: 10/13
  5432 | D:4      | Learned a level 3 spell: Call Canine Familiar
  5435 | D:5      | Entered Level 5 of the Dungeon
  5848 | D:5      | Reached skill level 5 in Summonings
  5893 | D:5      | Reached skill level 1 in Shields
  6181 | D:5      | Reached XP level 8. HP: 61/61 MP: 8/15
  6690 | D:6      | Reached skill level 1 in Hexes
  6963 | D:6      | Noticed Menkaure
  6980 | D:6      | Killed Menkaure
  6981 | D:6      | Reached skill level 1 in Ice Magic
  6991 | D:6      | Learned a level 3 spell: Summon Guardian Golem
  7300 | D:6      | Found a staircase to the Ecumenical Temple.
  7309 | Temple   | Entered the Ecumenical Temple
  7398 | D:6      | Noticed Sigmund
  7413 | D:6      | Killed Sigmund
  7658 | D:7      | Found a flagged portal.
  7667 | Bailey   | Entered a bailey
  7856 | Bailey   | Reached XP level 9. HP: 48/69 MP: 15/18
  7931 | Bailey   | Noticed an orc knight
  7981 | Bailey   | HP: 3/69 [orc warrior/+0 spear (9)]
  8221 | Bailey   | Killed an orc knight
  8308 | Bailey   | Identified the +0 fire dragon scales of Yredelemnul's Envy
                  | {rF++ rC- Dex+3}
  8322 | Bailey   | Noticed an orc knight
  8353 | Bailey   | Killed an orc knight
  8731 | D:3      | Bought a book of Rime for 392 gold pieces
  8736 | D:3      | Learned a level 4 spell: Summon Ice Beast
  8841 | D:7      | Reached skill level 5 in Spellcasting
  9707 | D:7      | Identified the +0 robe of Xom's Reproof {+Inv rC+}
 10097 | D:8      | Reached XP level 10. HP: 72/76 MP: 12/21
 10102 | D:8      | Reached skill level 5 in Hexes
 10404 | D:8      | Found a sand-covered staircase.
 10410 | D:8      | Reached skill level 5 in Ice Magic
 10414 | Ossuary  | Entered an ossuary
 11259 | D:8      | Identified the +0 leather armour of Fun Wuun {Harm Drain
                  | rC++ Will+}
 11328 | D:8      | Noticed Pikel
 11341 | D:8      | Killed Pikel
 11576 | D:9      | Noticed Maggie
 11586 | D:9      | Noticed a two-headed ogre
 11597 | D:9      | Killed a two-headed ogre
 11608 | D:9      | Killed Maggie
 11900 | D:9      | Found a staircase to the Orcish Mines.
 11906 | D:9      | Learned a level 4 spell: Anguish
 11970 | D:9      | Reached XP level 11. HP: 84/84 MP: 24/24
 12191 | D:9      | Noticed Erica
 12205 | D:9      | Killed Erica
 12383 | D:10     | Entered Level 10 of the Dungeon
 12844 | D:10     | Reached skill level 5 in Shields
 13554 | D:10     | Learned a level 2 spell: Blink
 13558 | D:10     | Identified the +4 dagger of the Scuffed God {antimagic,
                  | Drain Str+2 Dex+6 Stlth+}
 14013 | D:11     | Found a staircase to the Lair.
 14637 | D:11     | Found Irableoho's Antique Armour Boutique.
 14715 | Lair:1   | Entered Level 1 of the Lair of Beasts
 14753 | Lair:1   | Identified a scroll of acquirement
 14754 | Lair:1   | Acquired a scarf of resistance
 14889 | Lair:1   | Found a frozen archway.
 14945 | IceCv    | Entered an ice cave
 14967 | IceCv    | Noticed a quicksilver ooze
 14978 | IceCv    | Killed a quicksilver ooze
 14979 | IceCv    | Reached skill level 1 in Transmutations
 15005 | IceCv    | Reached skill level 1 in Maces & Flails
 15005 | IceCv    | Reached XP level 12. HP: 66/91 MP: 11/26
 15127 | IceCv    | Reached skill level 1 in Armour
 15127 | IceCv    | Reached skill level 1 in Dodging
 15216 | IceCv    | Noticed a quicksilver ooze
 15223 | IceCv    | Killed a quicksilver ooze
 15250 | IceCv    | Reached skill level 1 in Translocations
 15446 | IceCv    | Noticed a quicksilver ooze
 15450 | IceCv    | Killed a quicksilver ooze
 15468 | IceCv    | Noticed an azure jelly
 15482 | IceCv    | Killed an azure jelly
 15492 | IceCv    | Noticed a quicksilver ooze
 15499 | IceCv    | Killed a quicksilver ooze
 15647 | IceCv    | Got the +8 sling "Zaruov" {freeze, rElec}
 15951 | Lair:1   | Learned a level 3 spell: Stone Arrow
 16464 | Lair:1   | Noticed a boulder beetle
 16476 | Lair:1   | Killed a boulder beetle
 16867 | Lair:2   | Reached skill level 5 in Fighting
 16867 | Lair:2   | Reached skill level 1 in Earth Magic
 16977 | Lair:2   | Found a staircase to the Snake Pit.
 17016 | Lair:2   | Identified the +5 great sword of the Three Lovers {heavy,
                  | Str+2 Int+2}
 17307 | Lair:2   | Learned a level 5 spell: Yara's Violent Unravelling
 17771 | Lair:3   | Noticed Kirke
 17785 | Lair:3   | Killed Kirke
 17786 | Lair:3   | Reached XP level 13. HP: 88/100 MP: 4/28
 18266 | Lair:3   | Found a staircase to the Shoals.
 18591 | Lair:4   | Reached skill level 10 in Summonings
 18592 | Lair:4   | Noticed a quicksilver ooze
 19507 | Lair:4   | Killed a quicksilver ooze
 19806 | Lair:5   | Entered Level 5 of the Lair of Beasts
 19888 | Lair:5   | Found a staircase to the Slime Pits.
 21522 | Lair:5   | Reached XP level 14. HP: 88/111 MP: 23/31
 21828 | Lair:5   | Found the +8 trident of the Octopus King {venom, rElec
                  | rPois}
 22228 | Orc:1    | Entered Level 1 of the Orcish Mines
 22301 | Orc:1    | Noticed Urug
 22310 | Orc:1    | Killed Urug
 22312 | Orc:1    | Reached skill level 5 in Transmutations
 22319 | Orc:1    | Reached skill level 1 in Polearms
 23010 | Orc:2    | Entered Level 2 of the Orcish Mines
 23077 | Orc:2    | Found a staircase to the Elven Halls.
 23085 | Orc:2    | Noticed Nessos
 23095 | Orc:2    | Killed Nessos
 23871 | Orc:2    | Noticed an orc warlord
 23879 | Orc:2    | Killed an orc warlord
 24338 | Orc:2    | Found Taibb's Antique Armour Emporium.
 24345 | Orc:2    | Found Xody's Antique Weapon Emporium.
 24352 | Orc:2    | Found Medag's General Store.
 24352 | Orc:2    | Found Zarofyd's Jewellery Shoppe.
 24357 | Orc:2    | Bought a potion of curing for 39 gold pieces
 24357 | Orc:2    | Bought a potion of heal wounds for 65 gold pieces
 24378 | Orc:2    | Bought the amulet of the Four Winds {rN+ Will+++ Clar} for
                  | 910 gold pieces
 24378 | Orc:2    | Found the amulet of the Four Winds {rN+ Will+++ Clar}
 24949 | D:11     | Learned a level 6 spell: Simulacrum
 24953 | D:11     | Learned a level 2 spell: Sublimation of Blood
 26106 | D:13     | Noticed Erolcha
 26116 | D:13     | Killed Erolcha
 26117 | D:13     | Reached skill level 1 in Stealth
 28061 | D:14     | Reached skill level 5 in Polearms
 28568 | D:14     | Acquired 720 gold pieces
 28725 | D:11     | Bought the +3 crown of Dyrovepreva {rElec Int+2 SInv} for
                  | 1283 gold pieces
 28725 | D:11     | Found the +3 crown of Dyrovepreva {rElec Int+2 SInv}
 29480 | D:14     | Reached XP level 15. HP: 118/118 MP: 26/32
 29545 | D:14     | Identified the +6 sling of Ambiguity {heavy, *Slow rN+
                  | Int+6 Dex+2}
 29809 | D:14     | Found a gate to the Vaults.
 29931 | D:15     | Entered Level 15 of the Dungeon
 29938 | D:15     | Reached skill level 5 in Armour
 30321 | D:15     | Found a staircase to the Depths.
 30358 | D:15     | Found a gate leading to a gauntlet.
 30367 | Gauntlet | Entered a Gauntlet
 30367 | Gauntlet | Found a transporter.
 30367 | Gauntlet | Found a large runed translucent door.
 30367 | Gauntlet | Found a large runed translucent door.
 30367 | Gauntlet | Found a large runed translucent door.
 30367 | Gauntlet | Found a large runed translucent door.
 30367 | Gauntlet | Found a large runed translucent door.
 30367 | Gauntlet | Found a large runed translucent door.
 30367 | Gauntlet | Found a runed translucent door.
 30367 | Gauntlet | Found a runed translucent door.
 30367 | Gauntlet | Found a large runed translucent door.
 30367 | Gauntlet | Found a large runed translucent door.
 30367 | Gauntlet | Found a large runed translucent door.
 30367 | Gauntlet | Found a large runed translucent door.
 30367 | Gauntlet | Found a large runed translucent door.
 30367 | Gauntlet | Found a large runed translucent door.
 30368 | Gauntlet | Found a large runed translucent door.
 30368 | Gauntlet | Found a large runed translucent door.
 30368 | Gauntlet | Found a large runed translucent door.
 30370 | Gauntlet | Found a transporter.
 30370 | Gauntlet | Found a runed translucent gate.
 30370 | Gauntlet | Found a runed translucent gate.
 30370 | Gauntlet | Found a runed translucent gate.
 30371 | Gauntlet | Found a transporter.
 30372 | Gauntlet | Found a transporter.
 30375 | Gauntlet | Found a transporter.
 30376 | Gauntlet | Found a transporter.
 30383 | Gauntlet | Found a large runed translucent door.
 30389 | Gauntlet | Found a transporter.
 30393 | Gauntlet | Found a transporter.
 30455 | Gauntlet | Found a transporter.
 30456 | Gauntlet | Found a transporter.
 30460 | Gauntlet | Found a transporter.
 30475 | Gauntlet | Found a transporter.
 30663 | Gauntlet | Identified the ring of the Hurting Gods {Fire *Slow Int+2
                  | Slay+2}
 30844 | Gauntlet | Identified the +7 rapier of Precise Incision {protect,
                  | *Rage +Blink rF+ Dex+3}
 32228 | Shoals:1 | Entered Level 1 of the Shoals
 32239 | Shoals:1 | Reached skill level 10 in Ice Magic
 32247 | Shoals:1 | Reached skill level 10 in Necromancy
 32570 | Shoals:1 | You are sucked into a shaft and drop 1 floor!
 32798 | Shoals:1 | Reached skill level 10 in Spellcasting
 32901 | Shoals:1 | Learned a level 3 spell: Ozocubu's Armour
 33816 | Shoals:1 | Noticed a kraken
 33828 | Shoals:1 | Slain by a tentacle

Illustrated notes

Levels and vault maps discovered:
D:1:      dpeg_arrival_signposts, layout_basic, ebering_ecumenical_altar_hall,
          chequers_serial_rivers_small_3, chequers_big_river,
          kennysheep_flooded_box, minmay_pentomino_p4
D:2:      layout_rooms, basic_altar, uniq_terence
D:3:      layout_loops_corners, yredelemnul_altar_generic,
          mainiacjoe_overflow_alcove_2, serial_shops,
          nicolae_shop_tiny_waterfront
D:4:      minmay_inner_zag, layout_basic, slow_altar_2, lemuel_tele_altar,
          mainiacjoe_overflow_tiny_flanked,
          mainiacjoe_overflow_concentric_impassable,
          amcnicky_mini_rare_corridor_liquid
D:5:      layout_cave_pools, serial_rivers, chequers_serial_rivers_micro_d,
          chequers_serial_rivers_small_b, chequers_serial_rivers_small_3,
          chequers_serial_rivers_small_a, chequers_serial_rivers_small_b
D:6:      layout_basic, minmay_temple_entry_poolview, minivault_5,
          uniq_menkaure, uniq_sigmund
D:7:      layout_basic, enter_bailey_8, patterned_corridor
D:8:      layout_rooms, mainiacjoe_overflow_brackets,
          nicolae_ossuary_entry_catacombs, st_stairs_10, uniq_pikel
D:9:      layout_rooms, grunt_dithmenos_shadows, nemelex_diamond_rough_becter,
          orc_0_dummy, worms_lemuel, uniq_maggie, uniq_erica
D:10:     layout_loops_cross, grunt_temple_overflow_open,
          nicolae_wu_jian_glorious_leap
D:11:     layout_roguey, due_lair_maze_entry_diamond, serial_shops,
          nicolae_shop_pleasant_corner_grove
D:12:     layout_roguey, nrook_mini_backslash
D:13:     layout_stronghold, uniq_erolcha
D:14:     layout_roguey, david_vaults_1, nicolae_cairo_tiling_large
D:15:     gammafunk_enter_depths_forms, layout_loops_ring,
          gauntlet_entry_generic, minmay_misc_feat_alley
Temple:   jpeg_temple_alley_garden
Lair:1:   layout_regular_city, portal_ice_cave_entry_imps, nzn_sisyphean_effort,
          lemuel_fruit_fields, serial_bayou_shore_a
Lair:2:   layout_roguey, minmay_snake_entry_guardpost_small,
          infiniplex_staircase_pool
Lair:3:   layout_chaotic_city, nicolae_shoals_entry_flooding, uniq_kirke
Lair:4:   layout_hall_layers, nicolae_lair_time_for_slime, lemuel_fruit_tree
Lair:5:   gammafunk_lair_ancient_temple, layout_regular_city,
          nicolae_slime_entry_slimehenge, serial_forest,
          infiniplex_forest_zigzag_1, infiniplex_forest_zigzag_2,
          infiniplex_forest_clump_curved, infiniplex_forest_lined_corner,
          infiniplex_forest_clump_small, infiniplex_forest_lined_2,
          infiniplex_forest_3_way, infiniplex_forest_zigzag_2
Shoals:1: layout_shoals
Shoals:2: layout_shoals, minmay_shop_enchanted_jewellery, nicolae_shop_clearance
Orc:1:    layout_caves, nicolae_orc_bridge_out, minmay_orc_temple_a, uniq_urug
Orc:2:    st_orc_congregation, layout_caves, uniq_nessos

Skill      XL: |  1  2  3  4  5  6  7  8  9 10 11 12 13 14 15 |
---------------+----------------------------------------------+-----
Necromancy     | 4 5 6 7 8 9 10 | 10.0
Conjurations   | 1 2 4 |  4.0
Staves         | 2 |  2.0
Poison Magic   | 1 2 |  2.0
Air Magic      | 1 2 |  2.0
Fighting       | 2 3 4 5 6 7 |  7.5
Summonings     | 3 5 6 7 8 9 10 | 10.1
Spellcasting   | 2 4 5 6 7 8 9 10 | 10.0
Shields        | 2 4 5 6 7 |  7.0
Hexes          | 3 4 6 7 8 |  8.0
Evocations     | 2 |  2.0
Ice Magic      | 2 4 6 7 8 9 10 | 10.0
Transmutations | 1 3 4 6 7 |  7.0
Maces & Flails | 1 2 |  2.6
Armour         | 3 4 6 |  6.0
Dodging        | 3 |  3.4
Translocations | 2 |  2.0
Earth Magic    | 1 3 4 |  4.0
Polearms       | 5 |  5.8
Stealth        | 1 |  1.5

Action                     |  1- 3 |  4- 6 |  7- 9 | 10-12 | 13-15 || total
---------------------------+-------+-------+-------+-------+-------++-------
  Melee: Quarterstaff      |     5 |    24 |       |       |       ||    29
         Dagger            |       |     8 |    58 |       |       ||    66
         Trident           |       |       |    73 |       |   213 ||   286
         Morningstar       |       |       |     1 |    61 |    28 ||    90
         Staff             |       |       |       |    33 |    32 ||    65
         Scimitar          |       |       |       |     8 |       ||     8
         Flail             |       |       |       |       |     2 ||     2
   Fire: Sling             |       |       |       |       |     1 ||     1
  Throw: Dart              |       |       |     1 |     2 |       ||     3
         Throwing net      |       |       |       |       |     1 ||     1
   Cast: Necrotise         |    81 |   123 |   101 |     7 |       ||   312
         Kiss of Death     |       |     3 |       |       |       ||     3
         Call Canine Famil |       |       |    32 |    60 |    90 ||   182
         Summon Guardian G |       |       |    23 |    73 |   114 ||   210
         Summon Ice Beast  |       |       |     6 |    74 |   116 ||   196
         Anguish           |       |       |       |    13 |   108 ||   121
         Blink             |       |       |       |     2 |       ||     2
         Stone Arrow       |       |       |       |    20 |   131 ||   151
         Yara's Violent Un |       |       |       |     4 |    37 ||    41
         Sublimation of Bl |       |       |       |       |    14 ||    14
         Simulacrum        |       |       |       |       |    16 ||    16
         Ozocubu's Armour  |       |       |       |       |     3 ||     3
  Evoke: Phial of floods   |       |       |       |     1 |       ||     1
    Use: Scroll            |       |     7 |     5 |    16 |    17 ||    45
         Potion            |       |     3 |       |     3 |     8 ||    14
   Stab: Distracted        |       |     1 |       |     1 |     8 ||    10
         Sleeping          |       |       |       |       |     2 ||     2
         Held in net/web   |       |       |       |       |     1 ||     1
 Armour: Leather armour    |     4 |     2 |       |       |       ||     6
         Robe              |       |    21 |    23 |    55 |    58 ||   157
         Ring mail         |       |     9 |       |       |       ||     9
         Acid dragon scale |       |       |       |       |    61 ||    61
         Swamp dragon scal |       |       |       |       |    29 ||    29
  Dodge: Dodged            |     5 |    62 |    68 |    78 |   203 ||   416
  Block: Kite shield       |       |       |    40 |    56 |       ||    96
         Buckler           |       |       |       |     9 |   209 ||   218
